 Dungeon Crawl Stone Soup version 0.16-a0-4092-gb8933cd (console) character file.

424266 utis the Fencer (level 21, -1/173 (176) HPs)
             Began as a Demigod Fighter on Feb 23, 2015.
             Killed by the air
             ... invoked by a blizzard demon
              (10 damage)
             ... on level 2 of the Depths on Feb 24, 2015.
             The game lasted 04:22:25 (87790 turns).

utis the Fencer (Demigod Fighter)                  Turns: 87790, Time: 04:22:27

HP:   -1/173 (176)  AC: 37    Str: 27    XL:     21   Next: 99%
MP:   32/34         EV: 16    Int: 24    God:
Gold: 497           SH:  0    Dex: 17    Spells: 4 memorised, 11 levels left

rFire  + . .     SeeInvis .     a - +9 triple sword (holy)
rCold  + . .     Clarity  .     B - +5 plate armour of Rufoss {rElec rPois}
rNeg   . . .     SustAb   +     (no shield)
rPois  +         Gourm    .     s - +2 helmet
rElec  +         Spirit   .     t - +2 cloak
rCorr  .         Warding  .     V - +2 pair of gloves
rMut   .         Stasis   .     W - +2 pair of boots {run}
MR     ++...                    q - amulet of regeneration
Stlth  ..........               y - ring "Weithily" {Wiz Int+4}
                                N - ring of the Unkillable {rF+ rC+ Str+4, =R}

@: non-regenerating, rotting, diseased, slowed, very slow, very resistant to
hostile enchantments, extremely unstealthy
A: frail 1, sustain abilities
a: no special abilities
}: 1/15 runes: serpentine


You were on level 2 of the Depths.
You were hungry.

You visited 7 branches of the dungeon, and saw 41 of its levels.
You visited the Abyss 1 time.
You also visited: Volcano.

You collected 4427 gold pieces.
You spent 3930 gold pieces at shops.

Inventory:

Hand weapons
 a - a +9 triple sword of holy wrath (weapon)
 c - a +0 blowgun
 f - a +4 scimitar of flaming
 C - a +1 demon blade of electrocution
Missiles
 j - 39 poisoned needles
 o - 26 tomahawks (quivered)
 T - 2 curare-tipped needles {=f}
Armour
 s - a +2 helmet (worn)
 t - a +2 cloak (worn)
 B - the +5 plate armour of Rufoss (worn) {rElec rPois}
   (You found it on level 5 of the Dungeon)

   It insulates you from electricity.
   It protects you from poison.
 V - a +2 pair of gloves (worn)
 W - a +2 pair of boots of running (worn)
Jewellery
 b - an uncursed amulet of resist corrosion
 h - the ring of the Madman {Ice rElec MP+9 Int+3 Dex-2}
   (You found it on level 2 of the Vaults)

   [ring of ice]

   It enhances your ice magic, and weakens your fire magic.
   It affects your intelligence (+3).
   It affects your dexterity (-2).
   It makes you vulnerable to fire.
   It protects you from cold.
   It insulates you from electricity.
   It affects your magic capacity (+9).
 q - an amulet of regeneration (around neck)
 y - the ring "Weithily" (right hand) {Wiz Int+4}
   (You bought it in a shop on level 4 of the Vaults)

   [ring of wizardry]

   It improves your spell success rate.
   It affects your intelligence (+4).
 A - an uncursed ring of flight
 L - an uncursed ring of protection from magic
 N - the ring of the Unkillable (left hand) {rF+ rC+ Str+4, =R}
   (You bought it in a shop on level 4 of the Dungeon)

   [ring of strength]

   It affects your strength (+4).
   It protects you from fire.
   It protects you from cold.
 O - an uncursed ring of see invisible
 Q - a +5 ring of protection
 Z - an uncursed ring of protection from cold
Magical devices
 v - a wand of disintegration (4)
 D - a wand of teleportation (6)
 G - a wand of digging (17)
 J - a wand of heal wounds (2)
 X - a wand of fireball (6)
Scrolls
 k - 3 scrolls of blinking {!r}
 r - a scroll of silence {!r}
 u - 3 scrolls of magic mapping
 z - 2 scrolls of teleportation {!r}
 E - 2 scrolls of fear {!r}
 I - a scroll of summoning
 K - 4 scrolls of fog
 Y - 14 scrolls of identify
Potions
 e - 2 potions of might
 l - a potion of invisibility
 m - a potion of cancellation
 x - 4 potions of heal wounds
 H - 5 potions of curing
 S - a potion of resistance
 U - 4 potions of magic
Miscellaneous
 g - a box of beasts
 i - a lantern of shadows
 n - a disc of storms
 w - a lamp of fire
 F - a sack of spiders
 M - a phial of floods
 P - a lamp of fire
 R - a fan of gales
Comestibles
 d - 10 bread rations
 p - 9 meat rations


   Skills:
 - Level 18.9 Fighting
 - Level 20.3 Long Blades
 - Level 6.1 Throwing
 + Level 16.7 Armour
 + Level 13.0 Dodging
   Level 2.6 Shields
 - Level 9.5 Charms
 - Level 9.4 Translocations
 - Level 8.2 Evocations


You had 11 spell levels left.
You knew the following spells:

 Your Spells              Type           Power        Failure   Level  Hunger
g - Shroud of Golubria    Chrm/Tloc      #####.....   1%          2    ###....
t - Control Teleport      Chrm/Tloc      #####.....   9%          4    #####..
v - Blink                 Tloc           N/A          1%          2    ###....
A - Apportation           Tloc           #####.....   1%          1    ##.....


Dungeon Overview and Level Annotations

Branches:
Dungeon (15/15)            Temple (0/1) D:6            Lair (8/8) D:11
 Shoals (0/5) Lair:6        Snake (5/5) Lair:3        Slime (0/6) Lair:6
    Orc (4/4) D:9             Elf (0/3) Orc:3        Vaults (4/5) D:14
  Crypt (3/3) Vaults:2       Tomb (0/3) Crypt:3      Depths (2/5) D:15

Shops:
D:4 (:=**   D:14 *   D:15 [   Orc:4 !=?%[   Vaults:2 (   Vaults:4 =

Portals:
Hell: Depths:1 Depths:2
Pandemonium: Depths:2

Annotations:
D:9 exclusion: upstairs
Lair:6 exclusion: 4 oklob plants
Snake:3 exclusion: Roxanne, Roxanne


Innate Abilities, Weirdness & Mutations

Your attributes are resistant to harm.
You are frail (-10% HP).


Message History

The death drake breathes miasma at you. The foul vapour misses you.
You are engulfed in dark miasma.
You feel your flesh rotting away!
You feel ill.
* * * LOW HITPOINT WARNING * * *
You feel your flesh rotting away.
A salamander comes into view.
Unknown command.
The salamander changes into a polar bear!
The death drake closely misses you.
The death drake bites you but does no damage.
The death drake breathes miasma at you. The foul vapour engulfs you!
You feel your flesh rotting away!
You feel as though you will be slow longer.
* * * LOW HITPOINT WARNING * * *
The blizzard demon waves its arms in wide circles.
The air twists around and strikes you!
You die...

▓....▓▓▓...▓▓▓...▓▓▓.>.▓▓.▓▓▓▓
▓.....)...▓...▓.....▓.C..▓...▓
▓..▓.....▓.....▓...h.▓.▓.▓...▓
▓▓..▓.....▓.....▓...2.▓.C2.▓§.▓ .
▓...▓....➘▓.....▓.....▓>.∩..▓▓▓
..▓..▓......➘▓.▓.▓......➘▓.....▓▓
.▓▓..▓..▓▓▓.▓➘▓.▓.▓.▓▓▓.[▓➘..⌠..▓
.▓...▓.▓...▓..➘§§§k▓...▓.▓[......
.▓....▓.....▓.§§p§▓....†▓)▓▓▓▓▓▓▓
.▓▓▓▓▓▓.....▓[.§§§▓.....▓▓▓▓▓▓
▓▓▓▓▓.▓.....▓[<.§.▓➘..➘.▓....▓
.....▓.▓...▓..?)...▓...▓.▓...▓ ▓
..▓..▓..▓▓▓.▓)▓)▓.▓.▓▓▓..▓..▓▓ ▓▓
..▓..▓....[..▓.▓.▓.......▓..▓ ▓▓.
▓.....▓.....▓.....▓.....▓..▓▓▓▓..
▓▓....▓.....▓.....▓.....▓..▓▓▓...
▓▓...▓.....▓.....▓.....▓..▓▓....


You could see a death drake and a blizzard demon.

Vanquished Creatures
  Mara (thrice) (Crypt:2)
  An ancient lich (Crypt:3)
  Sojobo (Crypt:2)
  Norris (Snake:5)
  A curse toe (Crypt:3)
  Jory (Crypt:2)
  Xtahua (Crypt:3)
  2 liches
  A tentacled monstrosity (Crypt:3)
  2 shard shrike skeletons
  Asterion (Snake:2)
  An Executioner (Crypt:3)
  A sphinx (Vaults:4)
  7 ancient champions
  Kirke (Snake:1)
  A storm dragon (Depths:2)
  2 fire giants
  3 tengu reavers
  3 revenants
  4 frost giants
  11 greater nagas (Snake:5)
  Donald (Crypt:3)
  Wiglaf (Vaults:4)
  2 deep elf sorcerers
  Maud (Lair:5)
  An emperor scorpion (Depths:2)
  15 vault wardens
  Aizul (Snake:5)
  2 curse skulls (Crypt:2)
  2 orc warlords (Depths:2)
  2 cacodemons (Crypt:3)
  15 ironheart preservers
  A caustic shrike zombie (Crypt:3)
  5 ghouls
  2 rakshasas (Depths:1)
  5 very ugly things
  A reaper (Crypt:2)
  8 stone giants
  A war gargoyle (Vaults:2)
  2 vampire knights (Crypt:3)
  2 deep elf demonologists
  3 dire elephants
  Azrael (D:15)
  A deep elf annihilator (Vaults:4)
  An unborn (Crypt:3)
  4 eidola
  3 quicksilver dragon zombies (Crypt:2)
  3 ettins
  9 deep elf death magi
  A minotaur (Depths:1)
  4 fire dragons
  5 great orbs of eyes
  Josephine (D:9)
  11 yaktaur captains
  14 jiangshi
  12 vault guards
  10 hydras
  A quicksilver dragon skeleton (Crypt:1)
  A spectral shadow dragon (Crypt:1)
  10 naga warriors
  A spriggan air mage (Depths:1)
  3 death knights (Crypt:1)
  An ice dragon (Depths:1)
  15 ogre magi
  15 anacondas
  Erica (D:10)
  23 centaur warriors
  A hell beast (Depths:2)
  2 death yaks
  A deep troll shaman (Vaults:1)
  5 vampire magi
  An orc high priest (Orc:4)
  6 deep troll earth magi
  A spriggan berserker (Depths:1)
  9 naga sharpshooters
  7 shock serpents
  4 shadow wraiths
  13 soul eaters
  2 salamander mystics
  A titan skeleton (Crypt:2)
  A catoblepas (Lair:8)
  4 hell knights (Depths:2)
  A sun demon (Vaults:1)
  A giant orange brain (Depths:2)
  6 deep elf knights
  37 skeletal warriors
  3 wizards (Vaults:1)
  2 tengu skeletons (Crypt:2)
  2 shadow demons (Crypt:3)
  A deep elf summoner (Vaults:4)
  22 deep trolls
  A small abomination (Vaults:1)
  3 unseen horrors
  5 sea snakes
  4 flayed ghosts
  9 naga ritualists
  10 mana vipers
  8 harpies
  2 tengu zombies
  17 orc knights
  19 ironbrand convokers
  A golden dragon skeleton (Crypt:1)
  3 lindwurms (Lair:6)
  7 orc sorcerers
  The ghost of herpmino the Carver, an experienced MiGl (D:10)
  2 wolf spider zombies
  10 hill giants
  5 deep elf conjurers
  A stone giant zombie (Crypt:3)
  6 wolf spiders
  26 ugly things
  6 phantasmal warriors
  5 necromancers
  8 cyclopes
  5 griffons
  13 salamanders
  13 guardian serpents
  An octopode (shapeshifter) (Depths:2)
  28 elephants
  6 gargoyles
  2 sixfirhies
  A smoke demon (Vaults:1)
  A stone giant skeleton (Crypt:3)
  A fire giant skeleton (Crypt:1)
  Joseph (D:10)
  13 naga magi
  A shock serpent zombie (Crypt:1)
  38 black mambas
  An orange demon (Vaults:1)
  7 kobold demonologists
  2 elephants (shapeshifter)
  A molten gargoyle (Volcano)
  14 vault sentinels
  A torpor snail (Depths:1)
  Psyche (D:9)
  An emperor scorpion zombie (Crypt:1)
  47 yaktaurs
  27 spiny frogs
  A dire elephant skeleton (Crypt:1)
  9 komodo dragons
  An elf (shapeshifter) (Depths:1)
  A demonic crawler (Vaults:4)
  11 freezing wraiths
  8 fire drakes
  A hellion (Crypt:3)
  A silent spectre (Crypt:2)
  A mottled draconian skeleton (Crypt:2)
  5 deep elf priests
  A tengu conjurer (Depths:1)
  A death yak skeleton (Crypt:2)
  A minotaur zombie (Crypt:2)
  A yellow draconian skeleton (Crypt:3)
  A hydra zombie (Crypt:2)
  A jumping spider (shapeshifter) (Vaults:4)
  3 spriggan druids (Lair:6)
  7 trolls
  2 polar bears
  2 queen bees (shapeshifter) (Vaults:2)
  A queen bee (D:10)
  A jumping spider (Vaults:2)
  39 two-headed ogres
  2 giant leeches (Lair:8)
  Prince Ribbit (Lair:2)
  2 large abominations (Crypt:3)
  31 slime creatures
  39 blink frogs
  A bog body (Crypt:1)
  2 ravens (Depths:1)
  A raiju (Depths:2)
  5 boulder beetles
  A raven (shapeshifter) (D:14)
  An ice dragon zombie (Crypt:1)
  23 shadows
  A tarantella (Vaults:4)
  12 flying skulls
  6 basilisks
  A fire giant simulacrum (Crypt:1)
  A catoblepas skeleton (Crypt:1)
  7 wyverns
  A trapdoor spider (D:11)
  7 redbacks
  2 hogs (shapeshifter)
  An ice dragon skeleton (Crypt:1)
  2 air elementals (Depths:2)
  7 fire elementals
  54 yaks
  A water elemental (Depths:2)
  13 wraiths
  A hill giant zombie (Vaults:1)
  19 deep elf fighters
  Eustachio (D:9)
  10 deep elf magi
  A human (shapeshifter) (Depths:1)
  6 hungry ghosts
  Grum (Orc:2)
  A yaktaur simulacrum (Vaults:1)
  6 hogs
  2 steam dragons
  15 spriggans
  A yak (shapeshifter) (Vaults:3)
  31 vampire mosquitoes
  5 vampires
  2 mottled dragons
  A human zombie (Crypt:1)
  2 soldier ants
  21 hippogriffs
  63 nagas
  10 porcupines
  6 wargs
  18 wolves
  A soldier ant (shapeshifter) (D:14)
  A water nymph skeleton (Crypt:2)
  48 water moccasins
  2 hell hounds (D:15)
  15 boggarts
  2 eyes of draining (Depths:2)
  5 ice beasts
  7 sky beasts
  A black bear (D:13)
  42 orc warriors
  7 wasps
  54 ogres
  6 necrophages
  4 phantoms
  An elephant zombie (Depths:2)
  A boring beetle (Lair:8)
  50 centaurs
  19 crocodiles
  6 big kobolds
  5 lost souls
  30 giant frogs
  A wyvern zombie (D:13)
  A giant frog (shapeshifter) (Depths:2)
  A brain worm (D:13)
  An elf skeleton (Crypt:2)
  An ogre simulacrum (Vaults:1)
  A human simulacrum (Vaults:1)
  A snapping turtle simulacrum (Crypt:2)
  A glowing shapeshifter simulacrum (Vaults:1)
  A wyvern skeleton (D:14)
  5 scorpions
  A warg skeleton (Crypt:3)
  28 wights
  7 electric eels (Lair:8)
  7 jellies
  2 polar bear skeletons
  5 giant frog zombies
  A goliath beetle (D:7)
  32 killer bees
  3 quasits
  A lava snake (Snake:4)
  A boring beetle zombie (Crypt:2)
  5 centaur skeletons
  6 crimson imps
  A demonspawn zombie (Crypt:2)
  7 centaur zombies
  45 orc priests
  4 giant frog skeletons
  12 hounds
  48 orc wizards
  6 iguanas
  7 worker ants
  28 sheep
  A crocodile zombie (Crypt:3)
  8 hell rats
  Jessica (D:2)
  A demigod skeleton (Crypt:3)
  A hound zombie (Crypt:1)
  A naga skeleton (Crypt:1)
  A crocodile skeleton (Crypt:2)
  Terence (D:2)
  3 hound skeletons
  4 mummies
  3 worker ant zombies
  20 river rats
  A steam dragon zombie (Crypt:1)
  3 shadow imps
  33 adders
  5 worms
  3 ufetubi (Vaults:1)
  2 adder skeletons
  3 orc zombies (Orc:4)
  An adder zombie (D:8)
  7 giant geckos
  3 oozes
  199 orcs
  4 ball pythons
  13 bats
  2 bat skeletons
  3 giant cockroaches
  28 hobgoblins
  26 jackals
  23 quokkas
  A giant gecko skeleton (D:4)
  A giant gecko zombie (D:6)
  9 giant newts
  2 giant spores
  17 goblins
  A hobgoblin skeleton (Crypt:1)
  A hobgoblin zombie (Orc:4)
  34 kobolds
  An orc skeleton (Orc:4)
  26 rats
  21 ballistomycetes
  2 fungi (Lair:5)
  A plant (Lair:2)
2438 creatures vanquished.

Vanquished Creatures (others)
  An eldritch tentacle (Crypt:2)
  An ironheart preserver (Vaults:2)
  A deep troll (Depths:1)
  A wizard (D:14)
  A deep elf conjurer (Depths:1)
  A salamander (Snake:2)
  3 boggarts
  7 lost souls
  2 orc wizards (Orc:4)
  A hell rat (Vaults:4)
  4 giant spores
  107 eldritch tentacle segments (Crypt:2)
  4 fungi
  2 plants
136 creatures vanquished.

Grand Total: 2574 creatures vanquished

Notes
Turn   | Place    | Note
--------------------------------------------------------------
     0 | D:1      | utis, the Demigod Fighter, began the quest for the Orb.
     0 | D:1      | Reached XP level 1. HP: 18/18 MP: 2/2
   364 | D:1      | Reached XP level 2. HP: 19/25 MP: 3/3
   851 | D:1      | Reached skill level 3 in Long Blades
  1308 | D:1      | Reached XP level 3. HP: 30/30 MP: 5/5
  2421 | D:2      | Reached skill level 4 in Long Blades
  2559 | D:2      | Reached XP level 4. HP: 33/37 MP: 7/7
  2631 | D:2      | Noticed Jessica
  2660 | D:2      | Killed Jessica
  3097 | D:2      | Noticed Terence
  3213 | D:2      | Killed Terence
  3721 | D:2      | Found a burning altar of Makhleb.
  3721 | D:2      | Noticed a cacodemon
  4015 | D:2      | Reached skill level 5 in Long Blades
  4126 | D:2      | Reached XP level 5. HP: 42/42 MP: 8/8
  4247 | D:2      | Found a burning altar of Makhleb.
  5630 | D:4      | Found Kurat's Jewellery Boutique.
  5966 | D:4      | Found Qeuzei's Assorted Antiques.
  5977 | D:4      | Noticed an ogre
  6034 | D:4      | Killed an ogre
  6034 | D:4      | Reached skill level 6 in Long Blades
  6034 | D:4      | Reached XP level 6. HP: 25/50 MP: 10/10
  6086 | D:4      | Found Gami's Book Boutique.
  6411 | D:4      | Found Saruij Oqon's Assorted Antiques.
  6670 | D:4      | Noticed a hungry ghost
  6875 | D:4      | Found Mocah's Antique Weapon Shoppe.
  6881 | D:4      | Bought a glowing triple sword for 230 gold pieces
  7096 | D:4      | Found a sacrificial altar of Ru.
  7152 | D:4      | Killed a hungry ghost
  7152 | D:4      | Reached skill level 7 in Long Blades
  7152 | D:4      | Reached XP level 7. HP: 56/56 MP: 12/12
  7393 | D:5      | Entered Level 5 of the Dungeon
  7411 | D:5      | Got a brightly glowing plate armour
  7450 | D:5      | Identified the +5 plate armour of Rufoss {rElec rPois} (You found it on level 5 of the Dungeon)
  7668 | D:4      | Gained mutation: You are resistant to hostile enchantments. [potion of beneficial mutation]
  7867 | D:5      | Found an opulent altar of Gozag.
  7907 | D:5      | Reached skill level 8 in Long Blades
  8518 | D:6      | Found a staircase to the Ecumenical Temple.
  8627 | D:6      | Reached skill level 9 in Long Blades
  8709 | D:6      | Reached XP level 8. HP: 50/62 MP: 13/13
  9012 | D:6      | Found a stormy altar of Qazlal.
  9017 | D:6      | Found a blossoming altar of Fedhas.
  9020 | D:6      | Found a radiant altar of Vehumet.
  9461 | D:7      | Reached skill level 5 in Armour
 10775 | D:8      | Reached skill level 5 in Fighting
 10775 | D:8      | Reached XP level 9. HP: 72/74 MP: 15/15
 11181 | D:8      | Found a shattered altar of Ashenzari.
 11532 | D:8      | Found a glowing golden altar of the Shining One.
 11591 | D:8      | Reached skill level 10 in Long Blades
 11680 | D:9      | Found a staircase to the Orcish Mines.
 11917 | D:9      | Reached skill level 11 in Long Blades
 12033 | D:9      | Noticed a four-headed hydra
 12103 | D:9      | Noticed Eustachio
 12419 | D:8      | Found a glowing golden altar of the Shining One.
 12463 | D:8      | Found a shattered altar of Ashenzari.
 13065 | D:4      | Bought a glowing scimitar for 92 gold pieces
 13067 | D:4      | Gained mutation: You are robust (+10% HP). [potion of beneficial mutation]
 13457 | D:9      | Got a thick robe
 13682 | D:9      | Reached XP level 10. HP: 80/89 MP: 17/17
 13693 | D:9      | Reached skill level 12 in Long Blades
 13957 | D:9      | Reached skill level 14 in Long Blades
 13957 | D:9      | Reached XP level 11. HP: 96/96 MP: 18/18
 14136 | D:9      | Noticed Psyche
 14146 | D:9      | Cast into the Abyss (Psyche)
 14212 | Abyss:1  | Identified a +1 pair of boots of running (You found it on level 1 of the Abyss)
 14220 | Abyss:1  | Noticed a starcursed mass
 14224 | Abyss:1  | Noticed a large abomination
 14228 | D:9      | Escaped the Abyss
 14232 | D:9      | Killed Psyche
 14682 | D:10     | Entered Level 10 of the Dungeon
 14682 | D:10     | Noticed Josephine
 14736 | Orc:1    | Entered Level 1 of the Orcish Mines
 14741 | Orc:1    | Found a burning altar of Makhleb.
 15722 | Orc:2    | Noticed Grum
 17015 | Orc:3    | Found a staircase to the Elven Halls.
 17186 | Orc:2    | Killed Grum
 17443 | D:9      | Killed Josephine
 17501 | D:10     | Noticed Joseph
 17522 | D:10     | Killed Joseph
 18014 | D:10     | Got a warped robe
 18167 | D:10     | Got an ichor-stained long sword
 18168 | D:10     | Identified the cursed +1 long sword of a bailey {slice, +Rage rC+ MR+ Str-2} (You found it on level 10 of the Dungeon)
 18206 | D:10     | Noticed herpmino's ghost (experienced MiGl)
 18218 | D:10     | Killed herpmino's ghost
 18253 | D:10     | Reached XP level 12. HP: 111/111 MP: 19/19
 18302 | D:10     | Noticed Erica
 18317 | D:10     | Killed Erica
 18317 | D:10     | Reached skill level 15 in Long Blades
 18783 | D:10     | Noticed a yaktaur captain
 18792 | D:10     | Killed a yaktaur captain
 18890 | D:10     | Gained mutation: You have an increased reservoir of magic (+10% MP). [potion of beneficial mutation]
 19049 | D:11     | Found a staircase to the Lair.
 19616 | D:11     | Reached skill level 16 in Long Blades
 20520 | Lair:1   | Entered Level 1 of the Lair of Beasts
 21196 | Lair:1   | Got a faintly humming leather armour
 21648 | Lair:2   | Noticed Prince Ribbit
 21665 | Lair:2   | Killed Prince Ribbit
 22324 | Lair:2   | Reached skill level 17 in Long Blades
 22484 | Lair:2   | Reached XP level 13. HP: 117/117 MP: 22/22
 22517 | Lair:2   | Learned a level 1 spell: Apportation
 22525 | Lair:2   | Learned a level 2 spell: Blink
 22528 | Lair:2   | Learned a level 2 spell: Shroud of Golubria
 23679 | Lair:3   | Found a staircase to the Snake Pit.
 24200 | Lair:3   | Reached skill level 10 in Fighting
 24861 | Lair:4   | Gained mutation: You are resistant to electric shocks. [potion of beneficial mutation]
 26083 | Lair:5   | Noticed Maud
 26103 | Lair:5   | Killed Maud
 26225 | Lair:5   | Reached skill level 10 in Armour
 27636 | Lair:6   | Reached XP level 14. HP: 128/133 MP: 23/23
 27806 | Lair:6   | Found a staircase to the Slime Pits.
 28208 | Lair:6   | Found a staircase to the Shoals.
 28632 | Lair:6   | Reached skill level 18 in Long Blades
 28873 | Lair:6   | Reached skill level 1 in Evocations
 29653 | D:4      | Bought the ring of the Unkillable {rF+ rC+ Str+4} for 672 gold pieces
 29653 | D:4      | Bought a +5 ring of protection for 770 gold pieces
 30252 | Lair:6   | Reached skill level 5 in Evocations
 32015 | Lair:8   | Entered Level 8 of the Lair of Beasts
 32552 | Lair:8   | Got a warped chain mail
 32573 | Lair:8   | Identified the +4 chain mail "Blapt" {Str-2 Int+2 Dex+3} (You found it on level 8 of the Lair of Beasts)
 33257 | Lair:8   | Got a crystal quarterstaff
 33632 | Lair:8   | Found a shadowy altar of Dithmenos.
 33821 | Lair:6   | Identified the +0 quarterstaff "Ishadid" {freeze, +Rage rC+ Str+3} (You found it on level 8 of the Lair of Beasts)
 34294 | Orc:4    | Entered Level 4 of the Orcish Mines
 34392 | Orc:4    | Found a dark tunnel.
 34693 | Orc:4    | Found Pnubb's Distillery.
 34706 | Orc:4    | Bought a potion of heal wounds for 55 gold pieces
 34706 | Orc:4    | Bought a potion of degeneration for 11 gold pieces
 34706 | Orc:4    | Bought a potion of heal wounds for 55 gold pieces
 34741 | Orc:4    | Reached XP level 15. HP: 133/139 MP: 31/31
 34913 | Volcano  | Entered a volcano
 35637 | Orc:4    | Found Xanlizomm's Magic Scroll Boutique.
 35637 | Orc:4    | Found Tuemiuh's Jewellery Boutique.
 35637 | Orc:4    | Found Chonkux's Food Shop.
 35753 | Orc:4    | Found Umafrem's Armour Shop.
 35886 | Orc:4    | Bought a +2 cloak for 214 gold pieces
 38429 | D:14     | Found Vyqecw's General Store.
 38853 | Orc:4    | Bought an uncursed ring of see invisible for 180 gold pieces
 38853 | Orc:4    | Bought an uncursed ring of protection from magic for 300 gold pieces
 38853 | Orc:4    | Bought an uncursed amulet of resist corrosion for 240 gold pieces
 39261 | D:14     | Found a gate to the Vaults.
 40764 | D:15     | Entered Level 15 of the Dungeon
 41194 | D:15     | Learned a level 4 spell: Control Teleport
 41567 | D:15     | Found Tuaf's Armour Emporium.
 41600 | D:15     | Got a pair of dazzling boots
 41645 | D:15     | Identified the +0 pair of boots of Phisur {Contam +Fly rElec rN+} (You found it on level 15 of the Dungeon)
 41658 | D:15     | Gained mutation: Scrolls take you a little longer to read. [mutagenic glow]
 42019 | Lair:3   | Lost mutation: Scrolls take you a little longer to read. [potion of cure mutation]
 42019 | Lair:3   | Lost mutation: You are robust (+10% HP). [potion of cure mutation]
 42019 | Lair:3   | Lost mutation: You are resistant to hostile enchantments. [potion of cure mutation]
 42019 | Lair:3   | Lost mutation: You are resistant to electric shocks. [potion of cure mutation]
 42019 | Lair:3   | Lost mutation: You have an increased reservoir of magic (+10% MP). [potion of cure mutation]
 42401 | D:15     | Found a staircase to the Depths.
 42547 | D:15     | Noticed Azrael
 42569 | D:15     | Killed Azrael
 42590 | D:15     | Reached skill level 15 in Fighting
 43370 | Snake:1  | Entered Level 1 of the Snake Pit
 43370 | Snake:1  | Noticed Kirke
 43426 | Snake:1  | Killed Kirke
 43445 | Snake:1  | Reached XP level 16. HP: 134/145 MP: 30/30
 43491 | Lair:3   | Upgraded the game from 0.16-a0-4088-g7c8221e to 0.16-a0-4092-gb8933cd
 44512 | Snake:2  | Noticed Asterion
 44527 | Snake:2  | Killed Asterion
 45787 | D:14     | Bought a scroll of enchant armour for 82 gold pieces
 45787 | D:14     | Bought a scroll of enchant armour for 82 gold pieces
 47122 | Snake:3  | Noticed Roxanne
 48815 | Snake:3  | Found a runed gate.
 48815 | Snake:3  | Found a runed gate.
 48815 | Snake:3  | Found a runed gate.
 50786 | Snake:5  | Entered Level 5 of the Snake Pit
 51391 | Snake:5  | Noticed Aizul
 51409 | Snake:5  | Killed Aizul
 51821 | Snake:5  | Noticed Norris
 51844 | Snake:5  | Killed Norris
 51844 | Snake:5  | Reached XP level 17. HP: 58/158 MP: 31/31
 52986 | Snake:5  | Reached skill level 15 in Armour
 54729 | Snake:5  | Reached skill level 1 in Dodging
 56125 | Snake:5  | Reached skill level 5 in Dodging
 56310 | Snake:5  | Got a serpentine rune of Zot
 56710 | Vaults:1 | Entered Level 1 of the Vaults
 58213 | Vaults:1 | Reached XP level 18. HP: 166/166 MP: 32/32
 58899 | Vaults:1 | Reached skill level 10 in Dodging
 62271 | Vaults:2 | Reached skill level 1 in Translocations
 62310 | Vaults:2 | Reached skill level 1 in Charms
 62657 | Vaults:2 | Found Fuamm's Weapon Shop.
 63329 | Vaults:2 | Got a crude bone ring
 63331 | Vaults:2 | Identified the ring of the Madman {Ice rElec MP+9 Int+3 Dex-2} (You found it on level 2 of the Vaults)
 63520 | Vaults:2 | Found a staircase to the Crypt.
 63763 | Vaults:2 | Reached XP level 19. HP: 171/174 MP: 33/33
 64641 | Vaults:2 | Paralysed by an ogre mage for 5 turns
 64659 | Vaults:1 | Reached skill level 5 in Charms
 64659 | Vaults:1 | Reached skill level 5 in Translocations
 66907 | D:4      | Bought a curved glowing staff for 312 gold pieces
 67132 | D:9      | Killed Eustachio
 69944 | Vaults:4 | Noticed Wiglaf
 69961 | Vaults:4 | Killed Wiglaf
 71123 | Vaults:4 | Found Pnyamohu's Jewellery Emporium.
 71405 | Vaults:4 | Reached skill level 1 in Throwing
 71717 | Vaults:4 | Reached XP level 20. HP: 161/182 MP: 33/33
 72019 | Depths:1 | Entered Level 1 of the Depths
 72483 | Depths:1 | Reached skill level 5 in Throwing
 72947 | Depths:1 | Found a gateway to Hell.
 73451 | Depths:1 | Got a brightly glowing shortbow
 74270 | Crypt:1  | Entered Level 1 of the Crypt
 75731 | Crypt:1  | Identified the +6 shortbow of Karma {velocity, -Tele rElec rPois Stlth+} (You found it on level 1 of the Depths)
 75836 | Crypt:1  | Reached skill level 19 in Long Blades
 77432 | Crypt:2  | Noticed Sojobo
 77454 | Crypt:2  | Killed Sojobo
 78398 | Crypt:2  | Noticed Jory
 78425 | Crypt:2  | Killed Jory
 78902 | Crypt:2  | Reached XP level 21. HP: 82/191 MP: 34/34
 80105 | Crypt:2  | Got a jade-encrusted plate armour
 80261 | Crypt:1  | Identified the +1 plate armour of Styarips {rElec rF+} (You found it on level 2 of the Crypt)
 80290 | Crypt:2  | Noticed Mara
 80297 | Crypt:2  | Noticed utis' illusion
 80302 | Crypt:2  | Killed Mara
 80321 | Crypt:2  | Noticed utis' illusion
 80324 | Crypt:2  | Killed Mara
 81035 | Crypt:2  | Killed Mara
 81820 | Crypt:3  | Entered Level 3 of the Crypt
 81833 | Crypt:3  | Found a staircase to the Tomb.
 81845 | Crypt:3  | Noticed Xtahua
 81964 | Crypt:3  | Killed Xtahua
 82142 | Crypt:3  | Noticed Donald
 82167 | Crypt:3  | Killed Donald
 82572 | Crypt:2  | Reached skill level 20 in Long Blades
 83063 | Crypt:3  | Noticed an ancient lich
 83208 | Crypt:3  | Gained mutation: You are frail (-10% HP). [a cacodemon]
 84239 | Crypt:3  | Killed an ancient lich
 84410 | Crypt:3  | Identified the Volume of Confrontation and Ice (You found it on level 3 of the Crypt)
 85481 | Depths:2 | Found a one-way gate leading to the halls of Pandemonium.
 86525 | Depths:2 | Got a steaming naga barding
 86570 | Depths:2 | Noticed an ancient lich
 87337 | Vaults:4 | Bought the ring "Weithily" {Wiz Int+4} for 635 gold pieces
 87790 | Depths:2 | Killed from afar by a blizzard demon

Action                   |  1- 3 |  4- 6 |  7- 9 | 10-12 | 13-15 | 16-18 | 19-21 || total
-------------------------+-------+-------+-------+-------+-------+-------+-------++-------
Melee: Long sword        |   146 |   297 |       |       |       |       |       ||   443
       Dagger            |       |     7 |       |       |       |       |       ||     7
       Triple sword      |       |     5 |   375 |   842 |  1891 |  2081 |  2296 ||  7490
       Scimitar          |       |       |       |       |    50 |       |       ||    50
       Unarmed           |       |       |       |       |    16 |       |    12 ||    28
       Demon blade       |       |       |       |       |       |       |     4 ||     4
 Fire: Blowgun           |       |       |       |       |       |       |    17 ||    17
Throw: Stone             |    53 |    55 |    45 |    32 |       |       |       ||   185
       Tomahawk          |       |       |       |    75 |   137 |   133 |   211 ||   556
       Javelin           |       |       |       |     4 |    66 |       |   103 ||   173
 Cast: Shroud of Golubri |       |       |       |       |       |       |    55 ||    55
 Abil: Evoke Flight      |       |       |       |       |     4 |       |       ||     4
Evoke: Disc of storms    |       |       |       |       |       |     1 |       ||     1
       Wand              |       |       |       |       |       |       |     2 ||     2
  Use: Scroll            |     2 |     4 |     8 |    13 |    17 |    10 |    15 ||    69
       Potion            |       |       |     2 |     3 |     3 |     9 |    11 ||    28
  Eat: Chunk             |     4 |    14 |    21 |    29 |    61 |    58 |    41 ||   228
       Fruit             |       |     2 |     2 |       |     6 |       |     5 ||    15
       Beef jerky        |       |       |     1 |       |     4 |     1 |     5 ||    11
       Bread ration      |       |       |       |     1 |     1 |     7 |     7 ||    16
       Pizza             |       |       |       |       |     3 |     2 |     1 ||     6
       Meat ration       |       |       |       |       |       |       |     5 ||     5
